 Dungeon Crawl Stone Soup version 0.31.0-12-g77e489cdc1 (webtiles) character file.

Game seed: 9915985033590897447

11717 Silvore the Carver (level 11, -3/91 (93) HPs)
             Began as a Demonspawn Fighter on Feb 15, 2024.
             Was a High Priest of Okawaru.
             Succumbed to hawla's ghost's poison
             ... on level 10 of the Dungeon.
             The game lasted 00:13:13 (7809 turns).

Silvore the Carver (Demonspawn Fighter)             Turns: 7809, Time: 00:13:14

HP:   -3/91 (93)    AC: 33    Str: 25    XL:     11   Next: 53%
MP:   11/11         EV: 12    Int: 14    God:    Okawaru [*****.]
Gold: 1356          SH: 12    Dex: 21    Spells: 10/10 levels left

rFire   . . .        a - +0 long sword (venom)
rCold   + . .        G - +0 kite shield
rNeg    + . .        y - +13 pearl dragon scales "Uplaish" {Rampage rN+ Int+2}
rPois   .            (helmet restricted)
rElec   .            x - scarf of the Good {+Inv, Rampage Will+ Str+3}
rCorr   .            (no gloves)
SInv    .            C - +3 pair of seven-league boots {Rampage+∞}
Will    +....        q - amulet "Tosenwet" {Faith Regen+ Int+4 Dex+3}
Stlth   +            k - +6 ring of dexterity
HPRegen 1.15/turn    h - ring of protection from cold
MPRegen 0.12/turn

%: rampage+∞, faith
@: lethally poisoned (-3 -> -26), lightly drained
A: antennae 2, thin metallic scales 1, ignite blood 2, robust 1
a: Renounce Religion, Evoke Invisibility, Heroism, Finesse, Duel


You were on level 10 of the Dungeon.
You worshipped Okawaru.
Okawaru was extremely pleased with you.
You visited 2 branches of the dungeon, and saw 11 of its levels.
You also visited: Bailey.

You collected 1356 gold pieces.

Inventory:

Hand Weapons
 a - a +0 long sword of venom (weapon)
Armour
 b - a +0 scale mail
 c - a +1 buckler
 l - a +2 cloak
 v - a +0 pair of boots
 x - the scarf of the Good (worn) {+Inv, Rampage Will+ Str+3}
   (You acquired it in a bailey)

   Str+3:     It affects your strength (+3).
   Will+:     It increases your willpower.
   Rampage:   It bestows one free step when moving towards enemies.
 y - the +13 pearl dragon scales "Uplaish" (worn) {Rampage rN+ Int+2}
   (You acquired it in a bailey)

   Int+2:     It affects your intelligence (+2).
   rN+:       It protects you from negative energy.
   Rampage:   It bestows one free step when moving towards enemies.
 C - the +3 pair of seven-league boots (worn) {Rampage+∞}
   (You found it in a bailey)

   Rampage+∞: When moving toward enemies, its wearer moves as far as possible,
   alerting their target en route.
 G - a +0 kite shield (worn)
Jewellery
 e - a ring of ice
 h - a ring of protection from cold (right hand)
 i - an amulet of regeneration
 k - a +6 ring of dexterity (left hand)
 n - a ring of protection from fire
 q - the amulet "Tosenwet" (around neck) {Faith Regen+ Int+4 Dex+3}
   (You found it on level 5 of the Dungeon)

   [amulet of faith]

   Faith:     It allows you to gain divine favour quickly.
   Int+4:     It affects your intelligence (+4).
   Dex+3:     It affects your dexterity (+3).
   Regen+:    It increases your rate of health regeneration.
 B - an amulet of faith
 I - an amulet of guardian spirit
Wands
 d - a wand of paralysis (5)
 o - a wand of polymorph (14)
 s - a wand of digging (10)
 t - a wand of roots (13)
 w - a wand of light (13)
Scrolls
 u - 2 scrolls of amnesia
 A - 2 scrolls of enchant armour
 F - 2 scrolls of vulnerability
 H - a scroll of blinking
 J - a scroll of immolation
Potions
 g - 4 potions of degeneration
 j - 3 potions of attraction
 m - 5 potions of mutation
 z - 2 potions of magic
 E - a potion of haste


   Skills:
 + Level 7.7 Fighting
 + Level 10.7 Long Blades
 + Level 8.0 Armour
 + Level 5.5 Dodging
 + Level 1.7 Stealth
 + Level 7.2 Shields


You had 10 spell levels left.
You didn't know any spells.
Your spell library contained the following spells:

 Spells                   Type           Power      Damage    Failure   Level
 Ensorcelled Hibernation  Hex/Ice        0%         N/A       90%         2
 Gell's Gravitas          Tloc           0%         N/A       99%         3
 Hailstorm                Conj/Ice       0%         3d5       99%         3
 Inner Flame              Hex/Fire       0%         N/A       99%         3
 Passwall                 Erth           0%         N/A       99%         3
 Swiftness                Air            0%         N/A       99%         3
 Teleport Other           Tloc           0%         N/A       99%         3
 Flame Wave               Conj/Fire      0%         2d4       100%        4
 Sticky Flame             Fire/Alch      0%         2d4       100%        4
 Dispersal                Tloc           0%         N/A       100%        6
 Summon Ice Beast         Ice/Summ       Unusable   N/A       N/A         3
 Sculpt Simulacrum        Ice/Alch       Unusable   N/A       N/A         6

Dungeon Overview and Level Annotations

Branches:
Dungeon (10/15)            Temple (1/1) D:5             Orc (0/2) D:9
 Bailey (visited)
   Lair: D:8-11

Altars:
Ashenzari
Cheibriados
Dithmenos
Fedhas
Gozag
Hepliaklqana
Kikubaaqudgha
Makhleb
Nemelex Xobeh
Okawaru
Qazlal
Ru
Sif Muna
Trog
Uskayaw
Vehumet
Wu Jian
Xom
Yredelemnul

Shops:
D:1 *   D:7 [

Annotations:
D:6 2 runed translucent doors, GrumpyGrim72's ghost, novice DECj
D:8 2 transporters
D:10 hawla's ghost, journeyman MiFi


Innate Abilities, Weirdness & Mutations

You have a pair of antennae on your head.
You are partially covered in thin metallic scales. (AC +2)
Your demonic aura often causes spilled blood to erupt in flames.
You are robust. (+10% HP)


Message History

You feel very sick.
You hit hawla's ghost but do no damage.
You feel very sick. Hawla's ghost hits you!
You are more poisoned.
You hit hawla's ghost but do no damage.
You feel very sick. Hawla's ghost hits you!
* * * LOW HITPOINT WARNING * * *
You are lethally poisoned!
You feel much better.
You feel extremely sick. Hawla's ghost hits you!
You are more poisoned.
It was a potion of brilliance.
You feel clever all of a sudden.
* * * LOW HITPOINT WARNING * * *
You feel extremely sick.
Hawla's ghost hits you but does no damage.
You are lethally poisoned!
As you read the scroll of teleportation, it crumbles to dust.
You feel strangely unstable.
* * * LOW HITPOINT WARNING * * *
You feel extremely sick. Hawla's ghost hits you!
* * * LOW HITPOINT WARNING * * *
You are more poisoned.
You feel much better.
* * * LOW HITPOINT WARNING * * *
You feel extremely sick. Hawla's ghost barely misses you.
You feel strangely stable.
Your magical effects are unravelling.
You feel magically purged.
You feel a little less clever now.
* * * LOW HITPOINT WARNING * * *
You feel extremely sick.
Hawla's ghost hits you but does no damage.
You are more poisoned.
You die...

..######'##.........# ..
..........########.... ##
....<..^..#......# ##### ..
.####..#..'......##.##~# ..
.####..#..#.......#~..###
.......#..#.......#....≈# ..
..........#.......°.#≈.####+#####
..........#..##...W..$[.##.......
###########..##.@.#.⌠.~###.......
....... #.......#~~#.# #.......
...[... #.......##~.####'######
#+##### #######'########........
.................###....
.......#..#####..###....
..##..>#..#####.......##
.......................
#######################


You could see hawla's ghost.

Vanquished Creatures
  3 two-headed ogres
  An orc sorcerer (Bailey)
  An orc knight (Bailey)
  Maurice (D:7)
  A kobold demonologist (Bailey)
  A troll (D:10)
  2 hornets
  Prince Ribbit (D:5)
  2 wyverns
  19 yaks
  A steam dragon (D:8)
  15 orc warriors
  A sky beast (D:7)
  A black bear (D:6)
  2 ice beasts
  5 ogres
  A centaur (D:9)
  A kobold brigand (D:7)
  A phantom (D:5)
  A gnoll sergeant (D:9)
  2 scorpions
  A bullfrog (D:8)
  5 wights (D:10)
  8 killer bees
  4 electric eels (Bailey)
  2 howler monkeys
  2 bombardier beetles (D:5)
  5 hounds
  3 jellies
  A gnoll bouda (D:4)
  4 orc priests
  2 iguanas (D:5)
  6 orc wizards
  A scorpion zombie (D:4)
  A hound zombie (D:4)
  14 gnolls
  8 adders
  A shadow imp (D:8)
  2 ufetubi (D:6)
  An adder zombie (D:4)
  A dart slug (D:3)
  3 ribbon worms
  32 orcs
  6 ball pythons
  5 endoplasms
  4 giant cockroaches
  12 goblins
  16 hobgoblins
  2 jackals (D:1)
  5 quokkas
  5 bats
  3 frilled lizards
  14 kobolds
  A quokka zombie (D:4)
  5 rats
  2 butterflies (D:5)
250 creatures vanquished.

Vanquished Creatures (others)
  A kobold brigand (D:8)
  A howler monkey (D:8)
  2 kobolds (D:8)
4 creatures vanquished.

Grand Total: 254 creatures vanquished

Notes
Turn   | Place    | Note
-------+----------+-------------------------------------------
     0 | D:1      | Silvore the Demonspawn Fighter began the quest for the Orb.
     0 | D:1      | Reached XP level 1. HP: 18/18 MP: 1/1
   111 | D:1      | Gained mutation: Your demonic aura sometimes causes spilled
                  | blood to erupt in flames. [demonic ancestry]
   111 | D:1      | Reached XP level 2. HP: 24/24 MP: 2/2
   220 | D:1      | Found Wipt's General Store.
   458 | D:1      | Reached skill level 2 in Long Blades
   594 | D:2      | Reached XP level 3. HP: 22/29 MP: 3/3
  1186 | D:3      | Gained mutation: You have a pair of small antennae on your
                  | head. [demonic ancestry]
  1186 | D:3      | Reached XP level 4. HP: 35/35 MP: 4/4
  1292 | D:3      | Found an ornate altar of the Wu Jian Council.
  1556 | D:3      | Identified the +5 sling of Dishonesty {drain, rN+ Str+3
                  | Dex-3}
  1655 | D:3      | Reached skill level 3 in Long Blades
  1943 | D:4      | Reached skill level 1 in Dodging
  1943 | D:4      | Reached XP level 5. HP: 37/41 MP: 5/5
  2162 | D:4      | Noticed an ogre
  2164 | D:4      | Killed an ogre
  2248 | D:4      | Reached XP level 6. HP: 48/48 MP: 6/6
  2265 | D:4      | Reached skill level 4 in Long Blades
  2269 | D:4      | Found a basalt altar of Yredelemnul.
  2444 | D:4      | Identified the +2 leather armour of the Land of Plenty
                  | {+Inv}
  2579 | D:4      | You fall into a shaft and drop 1 floor!
  2579 | D:5      | Entered Level 5 of the Dungeon
  2657 | D:5      | Noticed Prince Ribbit
  2661 | D:5      | Noticed an ice beast
  2662 | D:5      | Killed Prince Ribbit
  2663 | D:5      | Reached skill level 5 in Long Blades
  2663 | D:5      | Reached XP level 7. HP: 41/54 MP: 7/7
  2710 | D:5      | Identified the amulet "Tosenwet" {Faith Regen+ Int+4 Dex+3}
  2906 | D:5      | Found a staircase to the Ecumenical Temple.
  2935 | Temple   | Entered the Ecumenical Temple
  3132 | D:5      | Gained mutation: Your demonic aura often causes spilled
                  | blood to erupt in flames. [demonic ancestry]
  3132 | D:5      | Reached XP level 8. HP: 46/61 MP: 8/8
  3139 | D:5      | Reached skill level 6 in Long Blades
  3562 | D:6      | Reached skill level 5 in Armour
  3760 | D:6      | HP: 2/61 [acid (4)]
  3849 | D:6      | Found a runed translucent door.
  3864 | D:6      | Noticed GrumpyGrim72's ghost (novice DECj)
  4024 | D:6      | Found a runed translucent door.
  4233 | D:7      | Reached skill level 5 in Fighting
  4233 | D:7      | Reached skill level 1 in Stealth
  4242 | D:7      | Found a flagged portal.
  4257 | Bailey   | Entered a bailey
  4326 | Bailey   | Reached skill level 7 in Long Blades
  4344 | Bailey   | Gained mutation: You have a pair of antennae on your head.
                  | [demonic ancestry]
  4344 | Bailey   | Reached XP level 9. HP: 61/68 MP: 9/9
  4357 | Bailey   | Acquired the +13 pearl dragon scales "Uplaish" {Rampage rN+
                  | Int+2}
  4368 | Bailey   | Acquired 677 gold pieces
  4372 | Bailey   | Acquired the scarf of the Good {+Inv, Rampage Will+ Str+3}
  4445 | Bailey   | Found the +3 pair of seven-league boots {Rampage+∞}
  4453 | Bailey   | Found an iron altar of Okawaru.
  4453 | Bailey   | Noticed an orc sorcerer
  4460 | Bailey   | Killed an orc sorcerer
  4478 | Bailey   | Noticed a kobold demonologist
  4479 | Bailey   | Noticed an ice devil
  4493 | Bailey   | Killed a kobold demonologist
  4497 | Bailey   | Became a worshipper of Warmaster Okawaru
  4615 | Bailey   | Reached skill level 8 in Long Blades
  4634 | Bailey   | Reached skill level 5 in Shields
  4692 | Bailey   | Reached * piety under Okawaru
  4834 | Bailey   | Noticed an orc knight
  4845 | Bailey   | Killed an orc knight
  4846 | Bailey   | Gained mutation: You are robust. (+10% HP) [demonic
                  | ancestry]
  4846 | Bailey   | Reached XP level 10. HP: 51/83 MP: 10/10
  5170 | D:7      | Reached ** piety under Okawaru
  5242 | D:7      | Noticed Maurice
  5247 | D:7      | Maurice stole an amulet of regeneration
  5249 | D:7      | Something stole 668 gold
  5252 | D:7      | Killed Maurice
  5253 | D:7      | Reached skill level 9 in Long Blades
  5523 | D:7      | Found Xavvutz's Antique Armour Shoppe.
  5960 | D:8      | Found a transporter.
  6040 | D:8      | Noticed a two-headed ogre
  6062 | D:8      | Killed a two-headed ogre
  6062 | D:8      | Reached *** piety under Okawaru
  6162 | D:8      | Reached **** piety under Okawaru
  6280 | D:8      | Found a sacrificial altar of Ru.
  6294 | D:8      | Found a hazy altar of Hepliaklqana.
  6364 | D:8      | Found a transporter.
  6410 | D:9      | Noticed a two-headed ogre
  6420 | D:9      | Killed a two-headed ogre
  6421 | D:9      | Reached skill level 10 in Long Blades
  6421 | D:9      | Gained mutation: You are partially covered in thin metallic
                  | scales. (AC +2) [demonic ancestry]
  6421 | D:9      | Reached XP level 11. HP: 85/92 MP: 11/11
  6533 | D:9      | Reached skill level 5 in Dodging
  6567 | D:9      | Reached ***** piety under Okawaru
  6983 | D:9      | Found a sparkling altar of Nemelex Xobeh.
  7257 | D:9      | Found a staircase to the Orcish Mines.
  7357 | D:10     | Entered Level 10 of the Dungeon
  7360 | D:10     | Noticed a two-headed ogre
  7369 | D:10     | Killed a two-headed ogre
  7369 | D:10     | Received a gift from Okawaru
  7508 | D:10     | Found a large runed translucent door.
  7508 | D:10     | Found a large runed translucent door.
  7509 | D:10     | Noticed hawla's ghost (journeyman MiFi)
  7662 | D:10     | Found a broken altar of Ashenzari.
  7678 | D:10     | Paralysed by a hornet for 1 turns
  7749 | D:10     | Found an iron altar of Okawaru.
  7806 | D:10     | HP: 3/91 [hawla's ghost (15)]
  7809 | D:10     | Succumbed to hawla's ghost's poison

Illustrated notes

Levels and vault maps discovered:
D:1:      minmay_arrival_up_and_down, layout_basic, serial_shops,
          nicolae_shop_advertising_works [nicolae_subvault_shop_adworks]
D:2:      layout_rooms
D:3:      layout_basic, mainiacjoe_overflow_six_doors_small, zin_academy,
          nicolae_elyvilon_temple_path
D:4:      layout_loops_ring, nicolae_yredelemnul_corpse_copse
D:5:      minmay_opposing_rooms, layout_basic, minmay_temple_entry_butterflies,
          uniq_prince_ribbit1
D:6:      layout_rooms, ebering_ghost_sewer_f
D:7:      layout_rooms, serial_co_window_serial, co_window_paths_a,
          co_window_paths_b, co_window_of_opportunity_a, co_window_corner_a,
          co_window_corner_a, co_window_paths_c, co_window_2corner,
          co_window_of_opportunity_b, co_window_unsneaky_path_b,
          co_window_paths_d, serial_shops, shop, enter_ossuary_5,
          enter_bailey_4, uniq_maurice
D:8:      gammafunk_cloud_chamber, layout_cave_pools, mainiacjoe_overflow_paths,
          nicolae_ru_path_of_blood
D:9:      layout_loops_ring, nemelex_spade_bored_becter, david_orc_4,
          serial_glass, glass_columns_b, glass_columns_a,
          nicolae_fountain_basement
D:10:     layout_stronghold, jmf_multi_god_temple, ebering_ghost_disaster_area,
          feat_on_display
Temple:   cyrus_circular_temple

Skill      XL: |  1  2  3  4  5  6  7  8  9 10 11 |
---------------+----------------------------------+-----
Shields        | 3 4 5 6 7 |  7.2
Long Blades    | 2 3 5 7 8 10 | 10.7
Armour         | 3 4 5 6 7 8 |  8.0
Dodging        | 1 2 3 4 5 |  5.5
Fighting       | 4 5 7 |  7.7
Stealth        | 1 |  1.7

Action                     |  1- 3 |  4- 6 |  7- 9 | 10-12 || total
---------------------------+-------+-------+-------+-------++-------
  Melee: Long sword        |   125 |    98 |   278 |   334 ||   835
    Use: Scroll            |     7 |       |     8 |     7 ||    22
         Potion            |       |       |     4 |     5 ||     9
 Armour: Scale mail        |    91 |    57 |   140 |       ||   288
         Pearl dragon scal |       |       |    87 |   244 ||   331
  Dodge: Dodged            |    60 |    47 |   142 |   159 ||   408
  Block: Buckler           |    32 |    30 |    78 |    89 ||   229
         Kite shield       |       |       |       |    82 ||    82
